 Dungeon Crawl Stone Soup version 0.18-a0-1311-g779ca93 (webtiles) character file.

189 Duffy the Digger (level 5, 28/28 HPs)
             Began as a Gargoyle Earth Elementalist on Feb 13, 2016.
             Quit the game on level 4 of the Dungeon.
             The game lasted 00:03:36 (3108 turns).

Duffy the Digger (Gargoyle Earth Elementalist)      Turns: 3108, Time: 00:03:37

Health: 28/28      AC: 11    Str: 11    XL:     5   Next: 68%
Magic:  11/11      EV: 11    Int: 17    God:
Gold:   138        SH:  0    Dex: 10    Spells: 1 memorised, 11 levels left

rFire  . . .     SeeInvis +     c - book of Geomancy
rCold  + . .     Gourm    .     v - +4 leather armour "Paecan" {-Cast rPois Slay-4 SInv}
rNeg   + . .     Faith    .     (no shield)
rPois  ∞         Spirit   .     (no helmet)
rElec  +         Dismiss  .     (no cloak)
rCorr  .         Reflect  .     (no gloves)
SustAt .         Harm     .     (no boots)
MR     +....     NoCast   +     (no amulet)
Stlth  ++........               u - ring of protection from magic
                                n - ring of protection from cold

@: somewhat resistant to hostile enchantments, unstealthy
A: negative energy resistance 1, electricity resistance, unbreathing,
petrification resistance, rot immunity, AC +4
a: no special abilities


You were on level 4 of the Dungeon.
You were not hungry.

You visited 1 branch of the dungeon, and saw 4 of its levels.

You collected 138 gold pieces.


Innate Abilities, Weirdness & Mutations

You are resistant to torment.
Your stone body is resilient (AC +4).
You are immune to poison.
You resist negative energy.
You are resistant to electric shocks.
You can survive without breathing.
You are immune to petrification.
You are immune to rotting.


   Skills:
 - Level 1.5 Dodging
 - Level 2.1 Stealth
 + Level 4.0 Spellcasting
   Level 0.7 Transmutations
 + Level 5.7 Earth Magic


You had 11 spell levels left.
You knew the following spells:

 Your Spells              Type           Power        Failure   Level  Hunger
a - Sandblast             Erth           ###...       1%          1    None

Inventory:

Missiles
 b - 49 stones (quivered)
Armour
 a - a +0 robe
 v - the +4 leather armour "Paecan" (worn) {-Cast rPois Slay-4 SInv}

   It affects your accuracy and damage with ranged weapons and melee attacks
   (-4).
   It protects you from poison.
   It lets you see invisible.
   It prevents spellcasting.
Jewellery
 n - a ring of protection from cold (left hand)
 u - a ring of protection from magic (right hand)
Wands
 r - a wand of random effects (43/48)
Scrolls
 e - a scroll of enchant armour {unknown}
 f - 2 scrolls of identify {unknown}
 i - a scroll of fear {unknown}
 l - 2 scrolls of blinking {unknown}
 o - 2 scrolls of remove curse {unknown}
 p - a scroll of teleportation {unknown}
 q - a scroll of noise {unknown}
 t - a scroll of fog {unknown}
Potions
 g - 2 potions of haste {unknown}
 h - a potion of lignification {unknown}
 j - 3 potions of ambrosia {unknown}
 k - 2 potions of mutation {unknown}
 m - a potion of might {unknown}
 x - a potion of curing {unknown}
 z - a potion of berserk rage {unknown}
Books
 c - a book of Geomancy (in hand)
 s - a book of Hinderance
Comestibles
 d - 3 bread rations
 w - 2 meat rations

Dungeon Overview and Level Annotations

Branches:
Dungeon (3/15)

Altars:
Dithmenos
Okawaru
Zin


Message History

The rocky blast hits the orc wizard.
You kill the orc wizard!
Your Spellcasting skill increases to level 4!
The orc hits you but does no damage.
Cast which spell? (? or * to list)
Aiming: Sandblast
Press: ? - help, Shift-Dir - straight line, f - orc
Aim: an orc, wearing a ring mail The rocky blast hits the orc.
The orc is almost dead.
The orc barely misses you.
Cast which spell? (? or * to list)
Aiming: Sandblast
Press: ? - help, Shift-Dir - straight line, f/p - orc
Aim: an orc, wearing a ring mail (almost dead)
The rocky blast hits the orc.
You kill the orc!
Cast which spell? (? or * to list)
You can't see any susceptible monsters within range! (Use Z to cast anyway.) Wield which item (- for none, * to show all)? (? for menu, Esc to quit)
c - a book of Geomancy (in hand)
Things that are here:
a dagger; a robe All of the chunks of flesh in your inventory have rotted away.
HP restored.
Found 10 poisoned needles.
You see here a fine leather armour.
v - a fine leather armour Wear which item? (? for menu, Esc to quit)
You start removing your armour.
You continue taking off your +0 robe. x4
You finish taking off your +0 robe.
You start putting on your armour.
You continue putting on your fine leather armour. x5
You finish putting on the +4 leather armour "Paecan" {-Cast rPois Slay-4 SInv}.
Are you sure you want to abandon this character and quit the game? (Confirm with "yes".)

#..##...## #...).>.(# #..#[....#
##)#.....# #.#.....##
########.##.....### ##########
#........###......######........#
#........# ##.#...(..##..........
#........# #...@...##...........
####...#.# #..###.##............
##....# #..#####.............
##...## #...<.#..............
#....###.....#..............
#.#..##......#.......#..#...
#.#..##......'..............
#.#...#......'..........[...
#.##..#......#.......#..#...


There were no monsters in sight!

Action                   |  1- 3 |  4- 6 || total
-------------------------+-------+-------++-------
 Cast: Sandblast         |   103 |    18 ||   121
  Eat: Chunk             |     6 |     1 ||     7

Notes
Turn   | Place    | Note
--------------------------------------------------------------
     0 | D:1      | Duffy the Gargoyle Earth Elementalist began the quest for the Orb.
     0 | D:1      | Reached XP level 1. HP: 10/10 MP: 3/3
   369 | D:1      | Reached XP level 2. HP: 15/15 MP: 3/5
   413 | D:1      | Reached skill level 4 in Earth Magic
   852 | D:2      | Found a glowing silver altar of Zin.
   957 | D:2      | Found a shadowy altar of Dithmenos.
  1233 | D:2      | Reached XP level 3. HP: 1/19 MP: 0/7
  2326 | D:2      | Found an iron altar of Okawaru.
  2453 | D:2      | Reached skill level 3 in Spellcasting
  2784 | D:3      | You fall through a shaft!
  2786 | D:4      | Noticed an ogre
  2796 | D:4      | Killed an ogre
  2796 | D:4      | Reached skill level 5 in Earth Magic
  2796 | D:4      | Reached XP level 4. HP: 24/24 MP: 2/9
  2796 | D:4      | Reached XP level 5. HP: 28/28 MP: 2/10
  3015 | D:4      | Reached skill level 4 in Spellcasting
  3097 | D:4      | Got a fine leather armour
  3108 | D:4      | Identified the +4 leather armour "Paecan" {-Cast rPois Slay-4 SInv} (You found it on level 4 of the Dungeon)
  3108 | D:4      | Quit the game

Vault maps used:
D:1:      lightli_arrival_windingriver
D:2:      zin_treasury, nicolae_dithmenos_shadow_blocks,
          nicolae_overflow_crystal_walls
D:3:      first_bread
D:4:      kennysheep_big_flooded_room

Vanquished Creatures
  An ogre
  2 orc wizards
  An adder
  A giant gecko
  An orc
  4 giant cockroaches
  3 goblins
  5 hobgoblins
  4 jackals
  7 kobolds
  A quokka
  A ball python
  6 bats
  2 giant newts
  2 rats
41 creatures vanquished.
